 Dungeon Crawl Stone Soup version 0.29-a0-857-g9b1aa3ac5b (webtiles) character file.

Game seed: 4026473085123430850

4581 concernfroge the Fighter (level 10, 0/89 HPs)
             Began as a Mummy Monk on July 16, 2022.
             Was an Initiate of Gozag.
             Slain by an orc warrior
             ... wielding a +0 war axe
              (3 damage)
             ... in a bailey.
             The game lasted 00:41:24 (9759 turns).

concernfroge the Fighter (Mummy Monk)               Turns: 9759, Time: 00:41:25

Health: 0/89       AC: 14    Str: 18    XL:     10   Next: 18%
Magic:  10/10      EV: 12    Int: 11    God:    Gozag
Gold:   295        SH:  0    Dex: 16    Spells: 9/9 levels left

rFire   x x .      SeeInvis .   a - +2 great mace of Gallantry {drain, rF- rN++ Will+ Int+2}
rCold   + + .      Faith    .   (shield currently unavailable)
rNeg    + + +      Spirit   .   k - +0 chain mail
rPois   ∞          Reflect  .   (no helmet)
rElec   .          Harm     .   n - +0 cloak
rCorr   .          Rampage  .   s - +1 pair of gloves
Will    ++...                   h - +2 pair of boots
Stlth   ..........              (no amulet)
HPRegen 0.24/turn               l - ring of protection from cold
MPRegen 0.12/turn               i - +4 ring of evasion

@: gold aura
A: cold resistance 1, negative energy resistance 3, torment resistance 2, heat
vulnerability 1, in touch with death 1, no potions
a: Renounce Religion, Potion Petition, Call Merchant, Bribe Branch


You were in a bailey.
You worshipped Gozag.
Gozag was aware of your devotion.
You visited 2 branches of the dungeon, and saw 10 of its levels.
You also visited: Bailey.

You collected 945 gold pieces.
You spent 75 gold pieces at shops.
You paid 575 gold pieces to Gozag.

Inventory:

Hand Weapons
 a - the +2 great mace of Gallantry (weapon) {drain, rF- rN++ Will+ Int+2}
   (You found it on level 4 of the Dungeon)

   A truly terrible weapon, it drains the life of any living foe it strikes.
   Int:       It affects your intelligence (+2).
   rF:        It makes you vulnerable to fire.
   rN:        It greatly protects you from negative energy.
   Will:      It increases your willpower.
 b - a +1 flail of protection
 e - the +6 dagger of the Establishment {venom, Stlth+}
   (You found it on level 3 of the Dungeon)

   It poisons the flesh of those it strikes.
   Stlth:     It makes you more stealthy.
Missiles
 j - a silver boomerang
 o - 6 javelins (quivered)
 p - a throwing net
Armour
 c - a +0 buckler
 h - a +2 pair of boots (worn)
 k - a +0 chain mail (worn)
 n - a +0 cloak (worn)
 s - a +1 pair of gloves (worn)
Jewellery
 i - a +4 ring of evasion (right hand)
 l - a ring of protection from cold (left hand)
 u - a ring of protection from fire
Wands
 r - a wand of digging (5)
 t - a wand of roots (1)
Scrolls
 d - a scroll of teleportation
 f - 2 scrolls of immolation
 g - a scroll of identify
 m - 3 scrolls of enchant weapon


   Skills:
 - Level 12.0 Fighting
 + Level 7.9 Maces & Flails
 - Level 2.4 Polearms
 - Level 2.4 Dodging
 - Level 1.5 Stealth


You had 9 spell levels left.
You didn't know any spells.
Your spell library contained the following spells:

 Spells                   Type           Power      Damage    Failure   Level
 Magic Dart               Conj           0%         1d3       99%         1
 Sandblast                Erth           0%         2d4       99%         1
 Call Imp                 Summ           0%         N/A       100%        2
 Passwall                 Tmut/Erth      0%         N/A       100%        2
 Static Discharge         Conj/Air       0%         3-3/arc   100%        2
 Mephitic Cloud           Conj/Pois/Air  0%         N/A       100%        3
 Stone Arrow              Conj/Erth      0%         3d7       100%        3
 Lightning Bolt           Conj/Air       0%         1d11      100%        5
 Maxwell's Capacitive Co  Air            0%         ∞         100%        8


Dungeon Overview and Level Annotations

Branches:
Dungeon (9/15)             Temple (1/1) D:7          Bailey (1/1)
   Lair: D:8-11         Orc: D:9-12

Altars:
Ashenzari
Cheibriados
Dithmenos
Fedhas
Gozag
Hepliaklqana
Kikubaaqudgha
Makhleb
Nemelex Xobeh
Qazlal
Ru
Sif Muna
Trog
Uskayaw
Vehumet
Wu Jian
Xom
Yredelemnul

Shops:
D:5 *?   D:9 *


Innate Abilities, Weirdness & Mutations

You are immune to poison.
Your flesh is cold resistant. (rC+)
You are immune to negative energy. (rN+++)
You are immune to unholy pain and torment.
You are vulnerable to heat. (rF-)
You are in touch with the powers of death.
You do not drink.


Message History

The orc warrior closely misses you.
You barely miss the orc warrior.
The orc warrior is moderately wounded.
The orc warrior hits you but does no damage.
The orc warrior hits you with a +0 war axe!
* * * LOW HITPOINT WARNING * * *
You sock the orc warrior!
The orc warrior is almost dead.
The orc warrior hits you but does no damage.
You sock the orc warrior!
You kill the orc warrior!
You barely miss the orc warrior.
The orc warrior hits you but does no damage.
You hit the orc warrior. You drain the orc warrior.
The orc warrior is moderately wounded.
The orc warrior hits you with a +0 war axe!
* * * LOW HITPOINT WARNING * * *
The orc warrior closely misses you.
You hit the orc warrior.
The orc warrior is moderately wounded.
The orc warrior misses you.
You completely miss the orc warrior.
The orc warrior is moderately wounded.
The orc warrior barely misses you.
You closely miss the orc warrior.
The orc warrior is moderately wounded.
The orc warrior is distracted by your dazzling golden aura.
You barely miss the orc warrior.
The orc warrior is no longer distracted by gold.
The orc warrior shouts!
The orc warrior is moderately wounded.
The orc warrior barely misses you.
You sock the orc warrior!
The orc warrior is severely wounded.
The orc warrior closely misses you.
You barely miss the orc warrior.
The orc warrior is severely wounded.
The orc warrior hits you with a +0 war axe.
You die...
Your body crumbles into a pile of gold.

##...o...##...... ##.......#
#......o..#:$$$$$ #.........
##.........##$$?$$##.........
#.....⌠.....#######.....⌠....
##.........##.....##.........
#.........#.......#.........
##.....))##.......##)......#
#....)..'.........).......#
##.....##.....@..)##.....##
#######.....⌠o)...#######
##......$$.## #.........#
##.......## #.......#
##.....## ♣##'''##♣
♣$o.....♣♣


You could see an orc warrior (drained).

Vanquished Creatures
  An orc knight (Bailey)
  Maurice (D:8)
  Maggie (D:8)
  A steam dragon (D:6)
  6 orc warriors
  3 sky beasts
  3 black bears
  2 ogres (D:5)
  4 centaurs
  A phantom (D:6)
  A necrophage (D:5)
  4 scorpions
  2 killer bees (D:7)
  4 howler monkeys (D:8)
  3 hounds
  6 orc priests
  4 jellies
  A gnoll bouda (D:8)
  5 iguanas
  11 orc wizards
  6 adders
  7 gnolls
  A shadow imp (D:6)
  4 white imps
  An ufetubus (D:6)
  2 worms (D:3)
  5 dart slugs
  34 orcs
  5 bats
  8 endoplasms
  3 giant cockroaches
  15 goblins
  11 hobgoblins
  4 jackals (D:1)
  10 kobolds
  5 ball pythons
  3 frilled lizards
  4 rats
192 creatures vanquished.

Vanquished Creatures (collateral kills)
  A killer bee (D:7)
  6 orcs (D:7)
7 creatures vanquished.

Grand Total: 199 creatures vanquished

Notes
Turn   | Place    | Note
-------+----------+-------------------------------------------
     0 | D:1      | concernfroge the Mummy Monk began the quest for the Orb.
     0 | D:1      | Reached XP level 1. HP: 18/18 MP: 1/1
   250 | D:1      | Reached XP level 2. HP: 20/24 MP: 2/2
   523 | D:1      | Reached skill level 4 in Fighting
   618 | D:1      | Gained mutation: You are in touch with the powers of death.
                  | [Mummy growth]
   618 | D:1      | Reached XP level 3. HP: 26/30 MP: 3/3
  1668 | D:2      | Reached XP level 4. HP: 32/38 MP: 4/4
  1988 | D:2      | Reached skill level 5 in Fighting
  2476 | D:3      | Found a shimmering blue altar of Sif Muna.
  2679 | D:3      | Identified the +6 dagger of the Establishment {venom,
                  | Stlth+}
  3118 | D:4      | Reached XP level 5. HP: 16/46 MP: 5/5
  3374 | D:4      | Reached skill level 6 in Fighting
  3614 | D:4      | Reached XP level 6. HP: 49/53 MP: 6/6
  3662 | D:4      | Reached skill level 7 in Fighting
  4175 | D:4      | Found an ornate altar of the Wu Jian Council.
  4187 | D:4      | Reached skill level 8 in Fighting
  4254 | D:4      | Identified the +2 great mace of Gallantry {drain, rF- rN++
                  | Will+ Int+2}
  4273 | D:5      | Entered Level 5 of the Dungeon
  4314 | D:5      | Reached XP level 7. HP: 50/63 MP: 7/7
  4573 | D:5      | Reached skill level 9 in Fighting
  4852 | D:5      | Found Cioducva's Magic Scroll Boutique.
  4905 | D:5      | Found Gozag's Platinum Reserve.
  4905 | D:5      | Found an opulent altar of Gozag.
  4975 | D:5      | Bought a scroll of blinking for 75 gold pieces
  5037 | D:5      | Became a worshipper of Gozag Ym Sagoz the Greedy
  5505 | D:6      | Found a shimmering altar of Xom.
  5519 | D:6      | Reached XP level 8. HP: 18/72 MP: 8/8
  5633 | D:6      | Reached skill level 10 in Fighting
  5871 | D:6      | Reached skill level 11 in Fighting
  6299 | D:6      | Identified the +1 long sword "Goblin's Peril" {vorpal, rN+}
  6627 | D:6      | Reached skill level 12 in Fighting
  6636 | D:6      | Found a broken altar of Ashenzari.
  6798 | D:7      | Reached skill level 1 in Maces & Flails
  6798 | D:7      | Reached XP level 9. HP: 77/82 MP: 9/9
  7108 | D:7      | Found a staircase to the Ecumenical Temple.
  7114 | Temple   | Entered the Ecumenical Temple
  8034 | D:8      | Found a hide-covered altar of Uskayaw.
  8394 | D:8      | Noticed Maurice
  8440 | D:8      | Killed Maurice
  8441 | D:8      | Reached skill level 5 in Maces & Flails
  8530 | D:8      | Noticed Maggie
  8556 | D:8      | Killed Maggie
  8765 | D:8      | Found a basalt altar of Yredelemnul.
  8999 | D:9      | Found Ceuzic's Overcharged Wands.
  9024 | D:9      | Found a hazy altar of Hepliaklqana.
  9051 | D:9      | Found a flagged portal.
  9084 | Bailey   | Entered a bailey
  9543 | Bailey   | Reached XP level 10. HP: 65/89 MP: 10/10
  9676 | Bailey   | Noticed an orc knight
  9688 | Bailey   | Killed an orc knight
  9740 | Bailey   | Noticed an orc warlord
  9741 | Bailey   | Noticed an orc knight
  9753 | Bailey   | HP: 1/89 [orc warrior/+0 war axe (9)]
  9759 | Bailey   | Slain by an orc warrior

Illustrated notes

Levels and vault maps discovered:
D:1:      lemuel_arrival_hallway, layout_loops_ring
D:2:      layout_basic, serial_glass, glass_columns_a, glass_columns_b,
          glass_columns_c, glass_columns_a, glass_columns_b, glass_columns_b,
          glass_columns_b, glass_columns_a, hangedman_decor_growths
D:3:      layout_basic, nicolae_sif_muna_condensation
D:4:      cheibrodos_pilgrimage, layout_loops_ring,
          nicolae_wu_jian_glorious_leap
D:5:      layout_cave_pods, elyvilon_altar_3, nicolae_gozag_zags_fifth_avenue,
          serial_shops, kennysheep_little_box, kennysheep_minor_cross
D:6:      layout_cave_pools, lemuel_doored_altar, minmay_ruined_shrine
D:7:      layout_rooms, minmay_temple_entry_fiery
D:8:      layout_basic, mainiacjoe_overflow_alcove_2, general_overflow_altar,
          uniq_maurice, uniq_maggie
D:9:      kennysheep_spiral_hall, layout_irregular_city,
          mainiacjoe_overflow_six_doors_small, enter_bailey_2,
          nicolae_shop_overcharged_wands
Temple:   compressed_dpeg_triangle_lava_temple
Bailey:   bailey_axe_minmay_hex_keep, bailey

Skill      XL: |  1  2  3  4  5  6  7  8  9 |
---------------+----------------------------+-----
Fighting       | 4 5 6 8 9 12 | 12.0
Maces & Flails | 1 7 |  7.9
Polearms       | |  2.4
Dodging        | |  2.4
Stealth        | |  1.5

Action                   |  1- 3 |  4- 6 |  7- 9 | 10-12 || total
-------------------------+-------+-------+-------+-------++-------
Melee: Spear             |   143 |    69 |       |       ||   212
       Dagger            |       |   112 |       |       ||   112
       Great mace        |       |     6 |   324 |    36 ||   366
Invok: Potion Petition   |       |       |       |     1 ||     1
Evoke: Wand              |       |       |       |     4 ||     4
  Use: Scroll            |       |     9 |    13 |     3 ||    25
 Stab: Sleeping          |     8 |       |       |       ||     8
       Distracted        |       |       |     1 |       ||     1
Armor: Robe              |     2 |       |       |       ||     2
       Leather armour    |    19 |     9 |       |       ||    28
       Ring mail         |       |     4 |       |       ||     4
       Chain mail        |       |    46 |   258 |     9 ||   313
Dodge: Dodged            |    65 |    88 |   229 |    28 ||   410
Block: Buckler           |     9 |    22 |       |       ||    31

Table legend: (Time is in decaauts)
 A = Elapsed time spent in this place.
 B = Non-inter-level travel time spent in this place.
 C = Inter-level travel time spent in this place.
 D = Time resting spent in this place.
 E = Time spent auto-exploring this place.
 F = Levels seen in this place.
 G = Mean time per level.
                   A        B        C        D        E       F      G
               +--------+--------+--------+--------+--------+-----+--------+
         Total |   9952 |   9320 |    632 |   1065 |   6540 |  11 |  904.7 |
       Dungeon |   8933 |   8309 |    624 |    784 |   5971 |   9 |  992.6 |
        Temple |    335 |    327 |      8 |      0 |    319 |   1 |  335.0 |
        Bailey |    683 |    683 |      0 |    281 |    250 |   1 |  683.0 |
               +--------+--------+--------+--------+--------+-----+--------+

Top non-repeatable levels by time:
     D:1: 1379 daAuts
     D:5: 1273 daAuts
     D:6: 1265 daAuts
     D:8: 1217 daAuts
     D:4: 1145 daAuts
     D:3: 1014 daAuts
     D:2: 806 daAuts
     D:7: 725 daAuts
  Bailey: 683 daAuts
  Temple: 335 daAuts
     D:9: 105 daAuts
